AoeStats
← Armitte

Black Forest

505558993Analyzed
1v1 RM · 21d ago on Sep 10, 2026· 16m 7s· 2 players
Game mode
Random Map
Map size
Tiny (2 player)
Population
200
Speed
Normal
Resources
Standard
Victory
Conquest
Starting age
Dark Age
Ending age
Imperial Age
RankedLock teamsTeams togetherTeam positionsShared explorationLock speedFull tech treeHidden civsTurbo modeCheats
Victory
Defeat
🇩🇪 Bohemians · Germany
1419
+18
🇨🇱 Khmer · Chile
1455
-18
Armitte
0:53 Loom
12:16 Feudal Age
15:52 Castle Age
15:06 Double-Bit Axe
15:30 Fishing Lines
16:46 Bow Saw
[LAK] GGenaroAoE
0:43 Loom
11:19 Feudal Age
15:15 Castle Age
13:14 Double-Bit Axe
14:38 Horse Collar
Connection lost

Rejoining the realm…

Still unreachable

The connection could not be restored.

Session expired

The server has moved on; the page needs a fresh start.